 Dungeon Crawl Stone Soup version 0.20.2-3-g29329e0561 (webtiles) character file.

459 Alfie the Shooter (level 6, 0/52 HPs)
             Began as a Minotaur Hunter on May 22, 2020.
             Slain by Grinder (6 damage)
             ... in a sewer.
             The game lasted 00:15:32 (2846 turns).

Alfie the Shooter (Minotaur Hunter)                 Turns: 2846, Time: 00:15:33

Health: 0/52       AC:  3    Str: 18    XL:     6   Next: 78%
Magic:  5/5        EV: 12    Int:  8    God:
Gold:   12         SH:  0    Dex: 11    Spells: 5/5 levels left

rFire    . . .     SeeInvis .   b - +0 short sword
rCold    . . .     Gourm    .   (no shield)
rNeg     . . .     Faith    .   c - +0 leather armour
rPois    .         Spirit   .   (helmet restricted)
rElec    .         Reflect  .   (no cloak)
rCorr    .         Harm     .   (no gloves)
MR       +....                  (no boots)
Stlth    +.........             (no amulet)
Regen    0.2/turn               o - ring of protection from magic
MPRegen  0.1/turn               (no ring)

@: no status effects
A: retaliatory headbutt, horns 2
a: no special abilities


You were in a sewer.
You were not hungry.

You visited 1 branch of the dungeon, and saw 4 of its levels.
You also visited: Sewer.

You collected 152 gold pieces.
You spent 140 gold pieces at shops.

Inventory:

Hand Weapons
 a - a +1 shortbow
 b - a +0 short sword (weapon)
 y - a +1 long sword of protection
Missiles
 d - 70 arrows
Armour
 c - a +0 leather armour (worn)
Jewellery
 o - a ring of protection from magic (left hand)
 A - a +2 ring of evasion {unknown}
Wands
 i - a wand of polymorph (12/24)
Scrolls
 h - 2 scrolls of teleportation
 p - 6 scrolls of identify
 s - 4 scrolls of remove curse
 v - a scroll of amnesia {unknown}
 x - a scroll of recharging {unknown}
Potions
 e - a potion of ambrosia {unknown}
 g - a potion of cancellation {unknown}
 j - a potion of resistance {unknown}
 k - 2 potions of magic {unknown}
 l - 6 potions of curing
 m - a potion of agility {unknown}
 n - a potion of flight {unknown}
 r - a potion of heal wounds
 t - a potion of haste {unknown}
 w - a potion of invisibility {unknown}
 z - a potion of brilliance {unknown}
Comestibles
 f - a bread ration
 q - 5 meat rations
 u - a royal jelly


   Skills:
 + Level 4.1 Fighting
 + Level 1.5 Short Blades
 + Level 7.3 Bows
 + Level 2.6 Armour
 + Level 3.1 Dodging
 + Level 0.8 Stealth


You had 5 spell levels left.
You didn't know any spells.

Dungeon Overview and Level Annotations

Branches:
Dungeon (4/15)
 Temple: D:4-7

Altars:
Gozag
Ru

Shops:
D:4 }?(![

Annotations:
Sewer Grinder


Innate Abilities, Weirdness & Mutations

You reflexively headbutt those who attack you in melee.
You have a pair of horns on your head.


Message History

Pain shoots through your body!
* * * LOW HITPOINT WARNING * * *
You see here 4 arrows.
d - 70 arrows (gained 4) Grinder gestures at you.
You resist with almost no effort. Grinder gestures at you.
You resist with almost no effort.
Grinder says, "Wait up."
Grinder hits you.
* * * LOW HITPOINT WARNING * * *
You writhe in agony.
* * * LOW HITPOINT WARNING * * *
You closely miss Grinder.
Grinder is severely wounded.
Grinder barely misses you.
You barely miss Grinder. You headbutt Grinder.
Grinder is severely wounded.
Grinder hits you.
You die...

≈≈≈≈≈≈.#..≈##(≈≈≈.#
≈≈≈≈≈≈.#.≈≈# ...(.#
≈≈≈≈≈..#.≈≈# #'('#
≈≈≈≈...#.≈≈###...##
≈###.####.###.(§..##
..†≈.≈≈#≈..#.....§.+
≈≈≈.≈≈≈)≈.().§._...+
...≈(≈≈#≈.(#....5§.+
##≈#.####.###..§@(##
≈≈≈≈(..#)≈≈###...##
≈≈≈≈.†.#.≈≈# #+++#
≈≈≈≈≈≈.#.≈≈#
≈≈≈≈≈≈.#.≈≈#
≈≈≈≈≈≈)#..≈#
≈≈≈≈≈≈.'.≈≈#
#########.##
≈≈≈≈≈≈≈#...#


You could see Grinder.

Vanquished Creatures
  A big kobold (Sewer)
  A scorpion (D:4)
  An orc priest (D:4)
  An orc wizard (D:4)
  A worker ant (D:4)
  3 big kobold zombies (Sewer)
  5 adders
  2 river rats (D:4)
  3 shadow imps (Sewer)
  An ufetubus (Sewer)
  2 oozes (Sewer)
  2 adder skeletons (D:4)
  An adder zombie (D:1)
  A worm (D:2)
  A dart slug (D:1)
  A leopard gecko (D:1)
  4 orcs (D:4)
  6 giant cockroaches
  12 goblins
  6 hobgoblins
  A quokka (D:3)
  7 bats
  5 frilled lizards
  A giant cockroach zombie (Sewer)
  23 kobolds
  A kobold zombie (Sewer)
  A leopard gecko zombie (D:1)
  6 rats
100 creatures vanquished.

Vanquished Creatures (others)
  A giant cockroach zombie (Sewer)
  A kobold zombie (Sewer)
2 creatures vanquished.

Grand Total: 102 creatures vanquished

Notes
Turn   | Place    | Note
-------+----------+-------------------------------------------
     0 | D:1      | Alfie the Minotaur Hunter began the quest for the Orb.
     0 | D:1      | Reached XP level 1. HP: 18/18 MP: 0/0
    90 | D:1      | Reached XP level 2. HP: 25/25 MP: 1/1
   286 | D:1      | Reached skill level 5 in Bows
   598 | D:2      | Found a sacrificial altar of Ru.
   609 | D:2      | Reached XP level 3. HP: 30/30 MP: 2/2
  1431 | D:3      | Reached XP level 4. HP: 38/38 MP: 3/3
  1980 | D:4      | Reached skill level 1 in Short Blades
  1980 | D:4      | Reached skill level 6 in Bows
  1980 | D:4      | Reached skill level 1 in Armour
  1980 | D:4      | Reached XP level 5. HP: 35/45 MP: 4/4
  2139 | D:4      | Found Voiff's Distillery.
  2142 | D:4      | Found Cagistrue's Antique Armour Emporium.
  2147 | D:4      | Found Vyot's Weapon Emporium.
  2150 | D:4      | Bought a potion of heal wounds for 50 gold pieces
  2150 | D:4      | Bought a potion of curing for 30 gold pieces
  2150 | D:4      | Bought a potion of curing for 30 gold pieces
  2150 | D:4      | Bought a potion of curing for 30 gold pieces
  2215 | D:4      | Found an opulent altar of Gozag.
  2217 | D:4      | Found Nihea's Magic Scroll Emporium.
  2320 | D:4      | Found Wetem's Gadget Shoppe.
  2469 | D:4      | Found a glowing drain.
  2479 | D:4      | Reached XP level 6. HP: 50/52 MP: 5/5
  2500 | Sewer    | Entered a sewer
  2768 | Sewer    | Found a burning altar of Makhleb.
  2771 | Sewer    | Reached skill level 7 in Bows
  2812 | Sewer    | Noticed Grinder
  2827 | Sewer    | HP: 2/52 [Grinder (6)]
  2834 | Sewer    | Paralysed by Grinder for 3 turns
  2846 | Sewer    | Slain by Grinder

Skill      XL: |  1  2  3  4  5  6 |
---------------+-------------------+-----
Bows           | 5 6 7 |  7.3
Fighting       | 3 4 |  4.1
Short Blades   | 1 |  1.5
Armour         | 1 2 |  2.6
Dodging        | 3 |  3.1
Stealth        | |  0.8

Action                   |  1- 3 |  4- 6 || total
-------------------------+-------+-------++-------
Melee: Short sword       |    36 |    28 ||    64
       Headbutt          |     5 |     6 ||    11
 Fire: Shortbow          |    70 |   180 ||   250
  Use: Scroll            |     5 |       ||     5
       Potion            |       |     1 ||     1
  Eat: Bread ration      |     1 |     1 ||     2
Armor: Leather armour    |    16 |    19 ||    35
Dodge: Dodged            |    25 |    61 ||    86
